 Dungeon Crawl Stone Soup version 0.18-a0-1426-g3b9a63c (webtiles) character file.

112 GrosslyIncandescent the Insei (level 4, -2/35 HPs)
             Began as a Mummy Monk on Feb 27, 2016.
             Killed by divine providence
             ... invoked by an orc priest
              (11 damage)
             ... on level 3 of the Dungeon.
             The game lasted 00:03:11 (3792 turns).

GrosslyIncandescent the Insei (Mummy Monk)          Turns: 3792, Time: 00:03:12

Health: -2/35      AC:  0    Str: 14    XL:     4   Next: 64%
Magic:  4/4        EV:  8    Int:  9    God:
Gold:   115        SH:  0    Dex: 15    Spells: 0 memorised, 3 levels left

rFire  x . .     SeeInvis .       - Unarmed
rCold  + . .     Gourm    .     (no armour)
rNeg   + + +     Faith    .     (no shield)
rPois  ∞         Spirit   .     (no helmet)
rElec  .         Dismiss  .     (no cloak)
rCorr  .         Reflect  .     (no gloves)
SustAt +         Harm     .     (no boots)
MR     .....                    (no amulet)
Stlth  ++........               (no ring)
                                d - ring of sustain attributes

@: not resistant to hostile enchantments, unstealthy
A: no food or potions, fire vulnerability, cold resistance 1, negative energy
resistance 3, torment resistance, unbreathing
a: no special abilities


You were on level 3 of the Dungeon.
You were not hungry.

You visited 1 branch of the dungeon, and saw 3 of its levels.

You collected 115 gold pieces.


Innate Abilities, Weirdness & Mutations

You do not eat or drink.
Your flesh is vulnerable to fire.
You are immune to poison.
Your flesh is cold resistant.
You are immune to negative energy.
You are immune to unholy pain and torment.
You can survive without breathing.


   Skills:
 - Level 3.0 Fighting
 - Level 2.4 Dodging
 - Level 1.5 Stealth
 + Level 5.0 Unarmed Combat


You had 3 spell levels left.
You didn't know any spells.

Inventory:

Jewellery
 d - a ring of sustain attributes (left hand)
Scrolls
 a - a scroll of noise {unknown}
 b - a scroll of remove curse {unknown}
 e - a scroll of fear {unknown}
 f - a scroll of enchant weapon {unknown}
 g - a scroll of amnesia {unknown}
 h - a scroll of teleportation {unknown}

Dungeon Overview and Level Annotations

Branches:
Dungeon (3/15)

Altars:
Okawaru
Sif Muna
Zin

Shops:
D:3

* .%... ▒....o▒▒..........
.... ▒...(.....▒.▒▒.▒▒▒
▒... ▒.....▒▒.▒▒.▒▒.▒ ▒
▒.▒▒▒....▒▒▒o▒▒.▒▒.▒▒▒
▒...▒▒.▒▒ ▒.▒▒.▒▒...▒
▒▒▒▒.▒▒▒.▒▒▒.▒ ▒.▒▒.▒▒▒▒..
.............▒ ▒▒.▒▒.....▒.
▒▒▒▒.▒▒▒.▒▒▒▒▒▒▒...▒▒▒▒▒▒..
▒.▒ ▒..Mo...o.▒..▒▒▒▒▒.▒
▒.▒ ▒▒▒▒▒▒▒▒▒....▒▒..".▒
▒.▒ ▒..(.....▒......▒ ▒.▒
▒>▒▒▒▒▒.▒.▒▒...▒▒ ▒.▒ ▒.▒
▒)▒........ ▒.▒ ▒.▒
▒.......... ▒.▒▒ ▒.▒
▒▒......... ▒..▒ ▒.▒
▒▒▒▒)▒▒▒...▒▒ ▒▒.▒ ▒.▒
▒....▒▒▒...▒


You could see an orc priest and an orc.


Message History

An orc comes into view! It is wielding a flail!
The orc shouts!!!
You hear a shout!!! x3
An orc is nearby!!!
An orc is nearby!!!
An orc is nearby!!!
The orc hits you with a flail!
You beat the orc into a bloody pulp!
You annihilate the orc!!!
An orc comes into view! It is wielding a club!
An orc comes into view! It is wielding a flail!
The orc shouts!!!
The orc moves out of view!
An orc priest comes into view! It is wielding a hand axe!
Things that are here:
a flail; an orc corpse An orc wizard comes into view!
It is wielding a dagger!
You barely miss the orc! The orc closely misses you!
You pummel the orc like a punching bag!
The orc is moderately wounded!
The orc priest mumbles some strange prayers to Beogh against you!
Beogh smites you!!! * * * don't die
* * * The orc priest calls upon Beogh to heal something!
The orc priest invokes the aid of Beogh against you!
Beogh smites you!!! * * * don't die
* * *
There is a stone staircase leading up here!
The orc priest calls down the wrath of Beogh upon you!
Beogh smites you!!! rip

Action                   |  1- 3 |  4- 6 || total
-------------------------+-------+-------++-------
Melee: Unarmed           |   143 |    73 ||   216
 Stab: Sleeping          |     4 |     5 ||     9

Vault maps used:
D:1:      mrwooster_arrival_statue_2
D:2:      overflow_temple_1_default, marbit_many_paths, first_bread
D:3:      kennysheep_the_goblin_king, nemelex_deck, zin_purify

Notes
Turn   | Place    | Note
--------------------------------------------------------------
     0 | D:1      | GrosslyIncandescent the Mummy Monk began the quest for the Orb.
     0 | D:1      | Reached XP level 1. HP: 18/18 MP: 1/1
   256 | D:1      | Reached XP level 2. HP: 17/24 MP: 2/2
  1002 | D:1      | Reached skill level 4 in Unarmed Combat
  1101 | D:2      | Found an iron altar of Okawaru.
  1227 | D:2      | Reached XP level 3. HP: 21/29 MP: 3/3
  2261 | D:2      | Reached XP level 4. HP: 19/35 MP: 4/4
  2427 | D:2      | Found a deep blue altar of Sif Muna.
  3228 | D:3      | Found Zin's Purification Station.
  3229 | D:3      | Found a glowing silver altar of Zin.
  3247 | D:3      | Reached skill level 5 in Unarmed Combat
  3792 | D:3      | Killed from afar by an orc priest

Vanquished Creatures
  5 adders
  A worm (D:2)
  3 dart slugs (D:1)
  2 orcs
  4 giant cockroaches
  11 goblins
  9 hobgoblins
  7 bats
  6 giant newts
  2 kobolds
  8 rats
58 creatures vanquished.
